 Dungeon Crawl Stone Soup version 0.28-a0-239-g68911e0c57 (webtiles) character file.

Game seed: 2413374186935124857

9 Anathary the Stinger (level 2, -3/19 HPs)
             Began as a Demonspawn Wanderer on Aug 23, 2021.
             Frozen to death by an endoplasm (4 damage)
             ... on level 1 of the Dungeon.
             The game lasted 00:02:57 (394 turns).

Anathary the Stinger (Demonspawn Wanderer)           Turns: 394, Time: 00:02:58

Health: -3/19      AC:  2    Str: 11    XL:     2   Next: 6%
Magic:  7/7        EV: 10    Int: 16    God:
Gold:   0          SH:  3    Dex: 10    Spells: 8/9 levels left

rFire   . . .      SeeInvis .   d - +2 dagger (distort)
rCold   . . .      Faith    .   c - +0 buckler
rNeg    . . .      Spirit   .   b - +0 robe
rPois   .          Reflect  .   (no helmet)
rElec   .          Harm     .   (no cloak)
rCorr   .          Rampage  .   (no gloves)
Will    .....                   (no boots)
Stlth   +.........              (no amulet)
HPRegen 0.06/turn               (no ring)
MPRegen 0.10/turn               (no ring)

@: no status effects
A: demonic magic 1
a: no special abilities


You were on level 1 of the Dungeon.
You visited 1 branch of the dungeon, and saw 1 of its levels.

Inventory:

Hand Weapons
 a - a +0 club
 d - a +2 dagger of distortion (weapon)
Armour
 b - a +0 robe (worn)
 c - a +0 buckler (worn)
Potions
 e - 2 potions of haste {unknown}


   Skills:
 + Level 1.0 Stealth
 + Level 1.0 Shields
 + Level 4.1 Spellcasting
 + Level 4.3 Poison Magic


You had 8 spell levels left.
You knew the following spells:

 Your Spells              Type           Power      Damage    Failure   Level
a - Sting                 Tmut/Pois      40%        1d5       10%         1

Your spell library contained the following spells:

 Spells                   Type           Power      Damage    Failure   Level
 Poisonous Vapours        Pois/Air       20%        N/A       16%         2
 Shock                    Conj/Air       12%        1d3       24%         1
 Mephitic Cloud           Conj/Pois/Air  7%         N/A       38%         3
 Olgreb's Toxic Radiance  Pois           17%        N/A       38%         4


Dungeon Overview and Level Annotations

Branches:
Dungeon (1/15)

Altars:

Shops:
D:1 :*:!


Innate Abilities, Weirdness & Mutations

Spells you cast may paralyse adjacent enemies.


Message History

You are frozen.
Press: ? - help, v - describe, . - travel The floor.
You hit the endoplasm.
The endoplasm is severely wounded.
The endoplasm blinks!
A kobold comes into view. It is wielding a +0 dagger.
The kobold shouts!
A bat comes into view.
You hit the dart slug but do no damage.
The dart slug blinks!
You block the bat's attack. The dart slug launches a dart at you.
The slug dart hits you.
You hit the dart slug.
The dart slug is heavily wounded.
The dart slug blinks!
The bat barely misses you.
A dart slug comes into view.
The bat hits you. The bat hits you. The bat closely misses you.
The kobold barely misses you.
Your shield prevents you from hitting the kobold.
The bat misses you.
The endoplasm jiggles.
A frilled lizard comes into view.
The kobold hits you with a +0 dagger.
You closely miss the kobold. The endoplasm freezes you.
You are frozen.
* * * LOW HITPOINT WARNING * * *
The kobold hits you with a +0 dagger.
* * * LOW HITPOINT WARNING * * *
You hit the endoplasm but do no damage.
The endoplasm is heavily wounded.
The endoplasm freezes you.
You are frozen.
* * * LOW HITPOINT WARNING * * *
You hit the endoplasm but do no damage.
The endoplasm is heavily wounded.
The endoplasm freezes you.
You are frozen.
You die...

..............# . #
..............##.# .#
......8.8.8....#.# .#
.......⌠.⌠.....$# ..#
......8.∩.8.#l.###..#
.......⌠.⌠.....b#w..#
######8.8.8##..#K#
########.##J##
#.#.@.# #..###...#
#.# #..# #. ..# # .#
#


You could see a dart slug, an endoplasm, a bat and a kobold.

Vanquished Creatures
  2 giant cockroaches (D:1)
  2 hobgoblins (D:1)
  A ball python (D:1)
  2 bats (D:1)
  A goblin (D:1)
  A rat (D:1)
9 creatures vanquished.

Notes
Turn   | Place    | Note
-------+----------+-------------------------------------------
     0 | D:1      | Anathary the Demonspawn Wanderer began the quest for the
                  | Orb.
     0 | D:1      | Anathary set off with the following items: a +0 club, a +0
                  | robe, a +0 buckler; and the following spells available to
                  | memorise: Sting, Poisonous Vapours, Shock, Mephitic Cloud,
                  | Olgreb's Toxic Radiance
     0 | D:1      | Reached XP level 1. HP: 13/13 MP: 5/5
    26 | D:1      | Found Gopi's Book Boutique.
    96 | D:1      | Found Gecrul's Assorted Antiques.
   121 | D:1      | Found Tuyrel's Book Boutique.
   203 | D:1      | Found a faded altar of an unknown god.
   300 | D:1      | Found Uloshiqo's Distillery.
   310 | D:1      | Gained mutation: Spells you cast may paralyse adjacent
                  | enemies. [demonic ancestry]
   310 | D:1      | Reached XP level 2. HP: 15/19 MP: 7/7
   329 | D:1      | Learned a level 1 spell: Sting
   394 | D:1      | Frozen to death by an endoplasm

Illustrated notes

Levels and vault maps discovered:
D:1:      nicolae_arrival_washed_ashore, layout_rooms, basic_ecumenical_altar,
          serial_shops, shop, shop, nicolae_shop_temple_entry_statues_fountains,
          nicolae_shop_window_shopping, nicolae_lakefront_shop, minmay_ruptured

Action                   || total
-------------------------++-------
Melee: Dagger            ||    27
 Stab: Distracted        ||     1
       Sleeping          ||     1
Armor: Robe              ||     6
Dodge: Dodged            ||    14
Block: Buckler           ||     4

Table legend: (Time is in decaauts)
 A = Elapsed time spent in this place.
 B = Non-inter-level travel time spent in this place.
 C = Inter-level travel time spent in this place.
 D = Time resting spent in this place.
 E = Time spent auto-exploring this place.
 F = Levels seen in this place.
 G = Mean time per level.
                   A        B        C        D        E       F      G
               +--------+--------+--------+--------+--------+-----+--------+
         Total |    395 |    395 |      0 |      0 |    216 |   1 |  395.0 |
       Dungeon |    395 |    395 |      0 |      0 |    216 |   1 |  395.0 |
               +--------+--------+--------+--------+--------+-----+--------+

Top non-repeatable levels by time:
     D:1: 395 daAuts
